 Dungeon Crawl Stone Soup version 0.20-a0-910-gb611367 (webtiles) character file.

38 galech the Ruffian (level 3, 0/36 HPs)
             Began as a Troll Monk on Mar 23, 2017.
             Slain by Crazy Yiuf
             ... wielding a +2 quarterstaff of chaos
              (2 damage)
             ... on level 2 of the Dungeon.
             The game lasted 00:02:00 (1283 turns).

galech the Ruffian (Troll Monk)                     Turns: 1283, Time: 00:02:02

Health: 0/36       AC:  5    Str: 20    XL:     3   Next: 25%
Magic:  2/2        EV: 10    Int:  6    God:
Gold:   57         SH:  0    Dex: 12    Spells: 2/2 levels left

rFire    . . .     SeeInvis .     - Unarmed
rCold    . . .     Gourm    +   a - +0 robe
rNeg     . . .     Faith    .   (no shield)
rPois    .         Spirit   .   (helmet restricted)
rElec    .         Reflect  .   (no cloak)
rCorr    .         Harm     .   (gloves unavailable)
MR       .....                  (boots unavailable)
Stlth    +.........             (no amulet)
Regen    0.6/turn               (no ring)
MPRegen  0.1/turn               (no ring)

@: drained
A: unfitting armour, claws 3, fast metabolism 3, gourmand, regeneration 1,
shaggy fur 1, tough skin 2
a: no special abilities


You were on level 2 of the Dungeon.
You were completely stuffed.

You visited 1 branch of the dungeon, and saw 2 of its levels.

You collected 57 gold pieces.

Inventory:

Armour
 a - a +0 robe (worn)
Jewellery
 e - a cursed ring of loudness {unknown}
Scrolls
 d - a scroll of enchant weapon {unknown}
 j - a scroll of recharging {unknown}
 l - 2 scrolls of remove curse {unknown}
 n - a scroll of enchant armour {unknown}
Potions
 f - a potion of magic {unknown}
 g - 3 potions of curing {unknown}
 h - a potion of agility {unknown}
 i - a potion of haste {unknown}
 k - a potion of brilliance {unknown}
Comestibles
 b - 2 bread rations
 c - a royal jelly
 m - 2 meat rations


   Skills:
 + Level 2.9(2.6) Fighting
 + Level 2.7(2.4) Dodging
 + Level 1.2(0.9) Stealth
 + Level 3.3(2.9) Unarmed Combat


You had 2 spell levels left.
You didn't know any spells.

Dungeon Overview and Level Annotations

Branches:
Dungeon (2/15)

Altars:

Annotations:
D:2 Crazy Yiuf


Innate Abilities, Weirdness & Mutations

You are too large for most types of armour.
You have claws for hands.
Your metabolism is lightning-fast.
You like to eat raw meat.
Your natural rate of healing is unusually fast.
You are covered in fur. (AC +1)
You have very tough skin. (AC +2)


Message History

You are too injured to fight recklessly!
You are too injured to fight recklessly!
You are too injured to fight recklessly!
You are too injured to fight recklessly!
You are too injured to fight recklessly!
You are too injured to fight recklessly!
You barely miss Crazy Yiuf.
Crazy Yiuf is moderately wounded.
You claw Crazy Yiuf!
Crazy Yiuf is severely wounded.
Crazy Yiuf hits you with a quarterstaff of chaos!
* * * LOW HITPOINT WARNING * * *
You are confused.
You bump into the rock wall.
You feel less confused. Crazy Yiuf hits you but does no damage.
You scratch Crazy Yiuf.
Crazy Yiuf is almost dead.
Crazy Yiuf hits you with a quarterstaff of chaos.
You die...

.....##..#.#####..# #.#
..................# #.#
.........#.#####..########.#
.....###.#.# #...........#
########.#.#####..########.#
..........................>#
########..........##.#####.#
#######....##g....# #.#
........##.##@...<# #.#
#######.##.##.....# #.#
#.##.##.....# #.#
#.##g##.....#####.#
#.##.##........##.######
.####.##.######.............
.........# #.##.#########
####....# #.##.# ###.####
#.##.#


You could see Crazy Yiuf.

Vanquished Creatures
  An adder (D:2)
  A worm (D:2)
  2 ball pythons
  4 bats (D:1)
  2 giant cockroaches (D:1)
  3 goblins
  3 hobgoblins (D:1)
  2 jackals (D:1)
  5 frilled lizards
  3 rats
26 creatures vanquished.

Notes
Turn   | Place    | Note
-------+----------+-------------------------------------------
     0 | D:1      | galech the Troll Monk began the quest for the Orb.
     0 | D:1      | Reached XP level 1. HP: 22/22 MP: 0/0
   175 | D:1      | Reached XP level 2. HP: 23/29 MP: 1/1
  1051 | D:2      | Reached XP level 3. HP: 36/36 MP: 2/2
  1231 | D:2      | Found a runed door.
  1235 | D:2      | Noticed Crazy Yiuf
  1280 | D:2      | HP: 1/36 [Crazy Yiuf/quarterstaff of chaos (12)]
  1283 | D:2      | Slain by Crazy Yiuf

Vault maps used:
D:1:      lightli_arrival_noodles, minmay_pentomino_o2
D:2:      uniq_crazy_yiuf_cottage

Action                   || total
-------------------------++-------
Melee: Unarmed           ||    90
       Punch             ||     1
 Stab: Sleeping          ||     7
  Eat: Chunk             ||    17
Armor: Robe              ||    25
Dodge: Dodged            ||    39
